 Dungeon Sprint DCSS version 0.24.1-14-gf8d2b509d9 (webtiles) character file.

Game seed: 14621284400436953912, levelgen mode: deterministic

3615 Baz the Thaumaturge (level 9, -6/62 HPs)
             Began as a Pale Draconian Fire Elementalist on Oct 3, 2020.
             Was an Elder of Sif Muna.
             Mangled by Agnes
             ... wielding a +0 lajatang of speed
              (35 damage)
             ... in the Dungeon (Sprint IV: "Fedhas' Mad Dash").
             The game lasted 00:15:37 (5519 turns).

Baz the Thaumaturge (DrFE)                          Turns: 5519, Time: 00:15:37

Health: -6/62      AC:  7    Str: 11    XL:     9   Next: 86%
Magic:  15/25      EV: 12    Int: 19    God:    Sif Muna [****..]
Gold:   112        SH:  0    Dex: 15    Spells: 13/33 levels left

rFire    . . .     SeeInvis .   k - +4 long sword "Eziromath" {freeze, Dex+4}
rCold    . . .     Gourm    .   (no shield)
rNeg     . . .     Faith    .   (armour unavailable)
rPois    .         Spirit   .   (helmet restricted)
rElec    .         Reflect  .   (no cloak)
rCorr    .         Harm     .   (no gloves)
MR       .....     NoTele   +   (no boots)
Stlth    ++........             g - amulet of invisibility {+Inv}
HPRegen  0.20/turn              (no ring)
MPRegen  0.19/turn              (no ring)

@: very slightly contaminated, hasted, very quick
A: breathe steam, unfitting armour, cold-blooded, AC +7
a: Breathe Steam, Channel Magic, Forget Spell, Divine Exegesis, Renounce
Religion, Evoke Invisibility


You were in the Dungeon.
You worshipped Sif Muna.
Sif Muna was greatly pleased with you.
You were near starving.

You visited 1 branch You collected 172 gold pieces.
You spent 60 gold pieces at shops.

Inventory:

Hand Weapons
 b - a +2 fustibalus of freezing
 j - a +0 dagger
 k - the +4 long sword "Eziromath" (weapon) {freeze, Dex+4}
   (You found it in the Dungeon)

   It has been specially enchanted to freeze those struck by it, causing extra
   injury to most foes and up to half again as much damage against particularly
   susceptible opponents.
   It can also slow down cold-blooded creatures.
   It affects your dexterity (+4).
Jewellery
 g - the amulet of invisibility (around neck) {+Inv}
   (You found it in the Dungeon)

   [amulet of nothing]

   It lets you turn invisible.
Scrolls
 a - a scroll of identify {unknown}
 h - a scroll of blinking
 m - a scroll of silence {unknown}
Potions
 c - 2 potions of curing
 d - a potion of heal wounds
 f - a potion of magic
 i - a potion of resistance {unknown}
 l - a potion of mutation {unknown}


   Skills:
 - Level 1.7 Dodging
 - Level 1.7 Stealth
 * Level 12.8 Spellcasting
 - Level 9.4 Conjurations
 + Level 5.2 Necromancy
 - Level 10.6 Fire Magic
 + Level 5.1 Earth Magic
 + Level 6.4 Invocations
 - Level 9.4 Evocations


You had 13 spell levels left.
You knew the following spells:

 Your Spells              Type           Power        Failure   Level  Hunger
a - Flame Tongue          Conj/Fire      #####        1%          1    None
b - Throw Flame           Conj/Fire      ######       1%          2    None
c - Conjure Flame         Conj/Fire      ######..     1%          3    None
d - Sticky Flame          Conj/Fire      ######..     1%          4    #......
e - Fireball              Conj/Fire      ######....   2%          5    ####...
f - Borgnjor's Vile Clut  Necr/Erth      ####......   19%         5    ####...

Your spell library contained the following spells:

 Spells                   Type           Power        Failure   Level  Hunger
 Animate Skeleton         Necr           N/A          1%          1    None
 Inner Flame              Hex/Fire       ####....     1%          3    None
 Apportation              Tloc           ##....       5%          1    None
 Confusing Touch          Hex            ##....       5%          1    None
 Summon Small Mammal      Summ           ##..         5%          1    None
 Animate Dead             Necr           N/A          6%          4    #......
 Recall                   Summ/Tloc      N/A          17%         3    None
 Death Channel            Necr           ####......   69%         6    ######.
 Simulacrum               Ice/Necr       ###.......   96%         6    ######.


Dungeon Overview and Level Annotations

Branches:
Dungeon (1/1)

Altars:
Cheibriados
Dithmenos
Elyvilon
Gozag
Hepliaklqana
Kikubaaqudgha
Makhleb
Nemelex Xobeh
Okawaru
Qazlal
Ru
Sif Muna
Trog
Uskayaw
Vehumet
Wu Jian
Xom
Yredelemnul
Zin
The Shining One
Beogh
Jiyva
Lugonu

Shops:
D }[%=

Annotations:
D Agnes


Innate Abilities, Weirdness & Mutations

You can breathe blasts of scalding, opaque steam.
Your pale cyan-grey scales are hard. (AC +7)
You cannot fit into any form of body armour.
You are cold-blooded and may be slowed by cold attacks.


Message History

Aiming: Borgnjor's Vile Clutch (quite dangerous; 19% risk of failure)
Press: ? - help, Dir - move target cursor, p - spriggan berserker Decaying hands burst forth from the earth!
Zombie hands grab Agnes.
Zombie hands grab the spriggan berserker.
You are near starving!
The zombie hands constrict the spriggan berserker.
The zombie hands constrict Agnes.
Agnes burns!
Agnes hits you with a +0 lajatang of speed!!
The spriggan berserker escapes!
Agnes closely misses you.
You riposte.
You hit Agnes. You freeze Agnes.
Agnes is severely wounded.
Unknown command.
Unknown command.
Unknown command.
Unknown command.
The zombie hands constrict Agnes.
Agnes burns!
Agnes hits you with a +0 lajatang of speed!!
Ouch! That really hurt!
You die...

###############################
.#.⌠._._._._.⌠.#..)...#....##∩#
.'.._._._._._..'[.#...#....'..#
.#..._._._._...#..###'##...##∩#
##.._._._._._..#.(##∩∩.'...####
.#._._._._._.⌠.#############
.##################
##♣♣♣♣♣..♣.###.'@.+
'......♣..♣##..#i.#
#♣..♣♣♣)♣..###.##i#
#.♣♣..♣...♣'...#♣.♣
################... ♣..♣ ....
♣.... #####


You could see Agnes (burning) and a spriggan berserker.

Vanquished Creatures
  A spriggan druid (D)
  3 oklob plants (D)
  3 burning bushes (D)
  3 wandering mushrooms (D)
  A queen bee (D)
  2 scorpions (D)
  4 killer bees (D)
  5 oklob saplings (D)
  A worker ant (D)
  2 spriggans (D)
  A river rat (D)
  A rat (D)
  A ballistomycete spore (D)
28 creatures vanquished.

Notes
Turn   | Place    | Note
-------+----------+-------------------------------------------
     0 | D        | Baz the Draconian Fire Elementalist began the quest for the
                  | Orb.
     0 | D        | Reached XP level 1. HP: 14/14 MP: 3/3
    10 | D        | Reached XP level 2. HP: 20/20 MP: 0/5
    11 | D        | Reached skill level 3 in Spellcasting
    69 | D        | Learned a level 2 spell: Throw Flame
   126 | D        | Noticed an oklob sapling
   131 | D        | Killed an oklob sapling
   131 | D        | Reached XP level 3. HP: 26/26 MP: 0/8
   206 | D        | Learned a level 3 spell: Conjure Flame
   214 | D        | Found the amulet of invisibility {+Inv}
   217 | D        | Reached skill level 4 in Spellcasting
   217 | D        | Reached skill level 5 in Fire Magic
   255 | D        | Noticed an oklob sapling
   258 | D        | Killed an oklob sapling
   258 | D        | Reached skill level 1 in Evocations
   258 | D        | Reached XP level 4. HP: 33/33 MP: 0/10
   397 | D        | Learned a level 4 spell: Sticky Flame
   409 | D        | Found an opulent altar of Gozag.
   409 | D        | Found a hazy altar of Hepliaklqana.
   409 | D        | Found a burning altar of Makhleb.
   409 | D        | Found a roughly hewn altar of Beogh.
   409 | D        | Found a sparkling altar of Nemelex Xobeh.
   409 | D        | Found a snail-covered altar of Cheibriados.
   409 | D        | Found a sacrificial altar of Ru.
   409 | D        | Found a shimmering blue altar of Sif Muna.
   409 | D        | Found a shimmering altar of Xom.
   409 | D        | Found a basalt altar of Yredelemnul.
   410 | D        | Found a viscous altar of Jiyva.
   410 | D        | Found a bloodstained altar of Trog.
   410 | D        | Found an ornate altar of the Wu Jian Council.
   559 | D        | Found an iron altar of Okawaru.
   559 | D        | Found a shadowy altar of Dithmenos.
   559 | D        | Found a glowing silver altar of Zin.
   560 | D        | Found an ancient bone altar of Kikubaaqudgha.
   560 | D        | Found a hide-covered altar of Uskayaw.
   561 | D        | Found a stormy altar of Qazlal.
   561 | D        | Found a white marble altar of Elyvilon.
   561 | D        | Found a glowing golden altar of the Shining One.
   562 | D        | Found a corrupted altar of Lugonu.
   562 | D        | Found a radiant altar of Vehumet.
   570 | D        | Reached skill level 5 in Spellcasting
   570 | D        | Reached skill level 5 in Conjurations
   718 | D        | Became a worshipper of Sif Muna the Loreminder
  1025 | D        | Reached XP level 5. HP: 5/38 MP: 5/13
  1302 | D        | Reached skill level 6 in Spellcasting
  1305 | D        | Reached * piety under Sif Muna
  1405 | D        | Learned a level 5 spell: Fireball
  1410 | D        | Found Piomoc's Armour Shop.
  1410 | D        | Found Ymod's Gadget Emporium.
  1421 | D        | Noticed a burning bush
  1421 | D        | Noticed a wandering mushroom
  1511 | D        | Killed a wandering mushroom
  1511 | D        | Reached skill level 8 in Spellcasting
  1511 | D        | Reached skill level 5 in Evocations
  1511 | D        | Reached XP level 6. HP: 45/45 MP: 4/17
  1599 | D        | Noticed a wandering mushroom
  1629 | D        | Killed a wandering mushroom
  1629 | D        | Reached ** piety under Sif Muna
  1629 | D        | Reached skill level 9 in Spellcasting
  1629 | D        | Your scales start taking on a pale cyan-grey colour.
  1629 | D        | Reached XP level 7. HP: 50/50 MP: 4/19
  1883 | D        | Killed a burning bush
  2010 | D        | Noticed a queen bee
  2019 | D        | Reached skill level 10 in Spellcasting
  2019 | D        | Reached XP level 8. HP: 38/57 MP: 20/22
  2022 | D        | Reached *** piety under Sif Muna
  2022 | D        | Reached skill level 10 in Fire Magic
  2225 | D        | Killed a queen bee
  2462 | D        | Noticed an oklob plant
  2495 | D        | Noticed a burning bush
  2506 | D        | Got a bloodstained long sword
  2610 | D        | Identified the +4 long sword "Eziromath" {freeze, Dex+4}
                  | (You found it in the Dungeon)
  2806 | D        | Noticed a burning bush
  2806 | D        | Noticed an oklob plant
  2925 | D        | Killed an oklob plant
  2925 | D        | Reached skill level 11 in Spellcasting
  3167 | D        | Found Ocvadofu's Jewellery Emporium.
  3167 | D        | Found Ori Wuza's Food Shoppe.
  3179 | D        | Learned a level 5 spell: Borgnjor's Vile Clutch
  3297 | D        | Killed a burning bush
  3297 | D        | Reached **** piety under Sif Muna
  3297 | D        | Reached skill level 1 in Necromancy
  3297 | D        | Reached skill level 1 in Earth Magic
  3496 | D        | Noticed a wandering mushroom
  3509 | D        | Killed a wandering mushroom
  3509 | D        | Reached XP level 9. HP: 62/62 MP: 8/24
  4366 | D        | Killed a burning bush
  4581 | D        | Killed an oklob plant
  4581 | D        | Reached skill level 12 in Spellcasting
  4581 | D        | Reached skill level 5 in Invocations
  4840 | D        | Noticed a spriggan druid
  4846 | D        | Killed a spriggan druid
  4922 | D        | Bought a ration for 60 gold pieces
  5084 | D        | Noticed an oklob plant conjurer
  5362 | D        | Killed an oklob plant conjurer
  5362 | D        | Reached skill level 5 in Necromancy
  5362 | D        | Reached skill level 5 in Earth Magic
  5510 | D        | Noticed Agnes
  5514 | D        | Noticed a spriggan berserker
  5519 | D        | Mangled by Agnes

Levels and vault maps discovered:
D:        dungeon_sprint_fedhas [sprint_temple]

Skill      XL: |  1  2  3  4  5  6  7  8  9 |
---------------+----------------------------+-----
Conjurations   | 2 3 4 5 7 8 9 |  9.4
Spellcasting   | 3 4 5 8 9 10 11 12 | 12.8
Fire Magic     | 4 5 6 7 9 10 | 10.6
Evocations     | 1 3 5 7 9 |  9.4
Invocations    | 3 6 |  6.4
Necromancy     | 2 5 |  5.2
Earth Magic    | 2 5 |  5.1
Dodging        | |  1.7
Stealth        | |  1.7

Action                   |  1- 3 |  4- 6 |  7- 9 || total
-------------------------+-------+-------+-------++-------
Melee: Unarmed           |     2 |       |    19 ||    21
       Dagger            |       |       |     8 ||     8
       Tailslap          |       |       |    12 ||    12
       Long sword        |       |       |    26 ||    26
 Cast: Flame Tongue      |     7 |       |     2 ||     9
       Throw Flame       |     6 |    27 |    30 ||    63
       Sticky Flame      |       |     5 |    10 ||    15
       Borgnjor's Vile C |       |       |     5 ||     5
       Fireball          |       |       |     4 ||     4
 Abil: Evoke Invisibilit |     1 |     3 |     6 ||    10
       Breathe Steam     |       |       |     7 ||     7
Evoke: Wand              |       |       |    25 ||    25
  Use: Potion            |     1 |       |     2 ||     3
 Stab: Paralysed         |       |       |    25 ||    25
       Confused          |       |       |     1 ||     1
  Eat: Ration            |       |     1 |     5 ||     6
Armor: Skin              |       |     1 |     3 ||     4
Dodge: Dodged            |     3 |     2 |    19 ||    24
       Rpst.: Long sword |       |       |     1 ||     1
